 Dungeon Crawl Stone Soup version 0.23-a0-329-g6f3f904 (webtiles) character file.

2321 Mgcat the Reanimator (level 9, 0/74 HPs)
             Began as a Hill Orc Necromancer on Oct 16, 2018.
             Succumbed to a killer bee's poison
             ... on level 7 of the Dungeon.
             The game lasted 00:19:49 (9223 turns).

Mgcat the Reanimator (Hill Orc Necromancer)         Turns: 9223, Time: 00:19:50

Health: 0/74       AC:  9    Str: 16    XL:     9   Next: 41%
Magic:  14/17      EV: 12    Int: 18    God:
Gold:   257        SH:  0    Dex: 20    Spells: 9/18 levels left

rFire    + . .     SeeInvis .   s - +1 whip (elec)
rCold    . . .     Gourm    .   (no shield)
rNeg     . . .     Faith    .   q - +2 leather armour of Divine Compulsion {Dex+7}
rPois    .         Spirit   +   (no helmet)
rElec    .         Reflect  .   b - +1 cloak
rCorr    .         Harm     .   (no gloves)
MR       .....                  (no boots)
Stlth    +.........             r - amulet of guardian spirit {Spirit}
HPRegen  0.22/turn              m - ring of protection from fire {rF+, !d}
MPRegen  0.15/turn              a - ring of attention (curse)

@: mighty, lethally poisoned (0 -> -7), very slightly contaminated
A: molten scales 1, thin skeletal structure 1, MP-powered wands
a: no special abilities


You were on level 7 of the Dungeon.
You were not hungry.

You visited 1 branch of the dungeon, and saw 7 of its levels.
You also visited: Sewer.

You collected 257 gold pieces.

Inventory:

Hand Weapons
 s - a +1 whip of electrocution (weapon)
   (You took it off an orc on level 3 of the Dungeon)
Armour
 b - a +1 cloak (worn)
   (You took it off Crazy Yiuf on level 5 of the Dungeon)
 q - the +2 leather armour of Divine Compulsion (worn) {Dex+7}
   (You found it on level 5 of the Dungeon)

   It affects your dexterity (+7).
Jewellery
 a - a cursed ring of attention (right hand)
   (You found it on level 5 of the Dungeon)
 m - a ring of protection from fire (left hand) {rF+, !d}
   (You found it on level 3 of the Dungeon)
 r - an amulet of guardian spirit (around neck) {Spirit}
   (You found it on level 3 of the Dungeon)
Wands
 f - a wand of polymorph (22)
   (You found it on level 5 of the Dungeon)
 n - a wand of paralysis (14)
   (You found it on level 5 of the Dungeon)
Scrolls
 d - a scroll of blinking {!r}
 e - 5 scrolls of teleportation
 g - 6 scrolls of identify
 j - 2 scrolls of enchant armour
 k - 3 scrolls of fog
 l - a scroll of amnesia
 p - 4 scrolls of remove curse
Potions
 i - a potion of magic
 u - 2 potions of might
Comestibles
 c - 5 rations


   Skills:
 - Level 5.0 Fighting
 + Level 5.3 Maces & Flails
 + Level 1.3 Armour
 + Level 2.0 Dodging
 - Level 1.5 Stealth
 + Level 5.4 Spellcasting
 + Level 8.4 Necromancy


You had 9 spell levels left.
You knew the following spells:

 Your Spells              Type           Power        Failure   Level  Hunger
a - Pain                  Necr           ####         1%          1    None
b - Animate Skeleton      Necr           N/A          1%          1    None
c - Vampiric Draining     Necr           #####.....   1%          3    ##.....
d - Animate Dead          Necr           N/A          4%          4    ####...

Your spell library contained the following spells:

 Spells                   Type           Power        Failure   Level  Hunger
 Regeneration             Chrm/Necr      ###.......   9%          3    ##.....


Dungeon Overview and Level Annotations

Branches:
Dungeon (7/15)
 Temple: D:4-7

Altars:
Fedhas
Ru


Innate Abilities, Weirdness & Mutations

You are partially covered in molten scales. (AC +2)
You have a somewhat thin skeletal structure. (Dex +2, Stealth)
You expend magic power (3 MP) to strengthen your wands.


Message History

You barely miss the killer bee. Your kick misses the killer bee.
The killer bee is almost dead.
The killer bee stings you.
You barely miss the killer bee. You claw the killer bee.
You kill the killer bee!
Your Dodging skill increases to level 2!
The killer bee barely misses you.
Casting: Pain (safe; 1% risk of failure)
Confirm with . or Enter, or press ? or * to list all spells.
Aiming: Pain (safe; 1% risk of failure)
Press: ? - help, Shift-Dir - straight line, f - killer bee
Aim: a killer bee (chance to defeat MR: 89%)
The killer bee writhes in agony!
You feel sick. The killer bee stings you.
You are more poisoned.
The killer bee poisons you! The killer bee closely misses you.
Casting: Pain (safe; 1% risk of failure)
Confirm with . or Enter, or press ? or * to list all spells.
Aiming: Pain (safe; 1% risk of failure)
Press: ? - help, Shift-Dir - straight line, f/p - killer bee
Aim: a killer bee (moderately wounded, chance to defeat MR: 89%)
The killer bee barely resists.
You feel sick. The killer bee barely misses you. The killer bee misses you.
Casting: Pain (safe; 1% risk of failure)
Confirm with . or Enter, or press ? or * to list all spells.
Aiming: Pain (safe; 1% risk of failure)
Press: ? - help, Shift-Dir - straight line, f/p - killer bee
Aim: a killer bee (moderately wounded, chance to defeat MR: 89%)
The killer bee barely resists.
You feel sick. The killer bee stings you.
* * * LOW HITPOINT WARNING * * *
You are more poisoned.
The killer bee poisons you! The killer bee barely misses you.
Casting: Pain (safe; 1% risk of failure)
Confirm with . or Enter, or press ? or * to list all spells.
Aiming: Pain (safe; 1% risk of failure)
Press: ? - help, Shift-Dir - straight line, f/p - killer bee
Aim: a killer bee (moderately wounded, chance to defeat MR: 89%)
The killer bee writhes in agony!
You feel sick. The killer bee stings you.
* * * LOW HITPOINT WARNING * * *
The killer bee misses you.
Unknown command.
Unknown command.
Unknown command.
You miss the killer bee.
The killer bee is heavily wounded.
You feel sick. The killer bee closely misses you.
Unknown command.
Unknown command.
It was a potion of magic.
Magic courses through your body.
You feel sick.
The killer bee stings you but does no damage.
The killer bee stings you!
* * * LOW HITPOINT WARNING * * *
You are more poisoned.
The killer bee poisons you!
Unknown command.
Unknown command.
Autopickup is now off.
Unknown command.
Unknown command.
Okay, then.
Unknown command.
Unknown command.
Really read
d - 2 scrolls of blinking {!r}?
Blink to where?
Press: ? - help, Dir - move target cursor, p - killer bee You are very lightly contaminated with residual magic.
As you read the scroll of blinking {!r}, it crumbles to dust.
* * * LOW HITPOINT WARNING * * *
You feel sick.
* * * LOW HITPOINT WARNING * * *
You feel sick.
* * * LOW HITPOINT WARNING * * *
You feel sick.
There is a stone staircase leading up here.
* * * LOW HITPOINT WARNING * * *
You feel sick.
You climb upwards.
* * * LOW HITPOINT WARNING * * *
You feel sick.
There is a stone staircase leading down here.
Okay, then.
Really quaff
t - a potion of mutation {!q}?
You feel extremely strange.
You feel less resistant to hostile enchantments.
Your talons dull and shrink into feet.
Molten scales grow over part of your body.
You feel your magical essence link to your wands.
* * * LOW HITPOINT WARNING * * *
You feel sick.
Unknown command.
Unknown command.
Evoke which item? (* to show all) (? for menu, Esc to quit)
Okay, then.
Put on which piece of jewellery? (? for menu, Esc to quit)
Okay, then.
Unknown command.
Unknown command.
* * * LOW HITPOINT WARNING * * *
You feel sick.
You climb downwards.
You die...

....##.# #.....#
###....##### #.....#
##...y.y.###.....#
#####.####.........#
........#####......#
.###y##....###)....#
..# ##...b......#
#.y# #..###.y...#
#..# #. # #.y@..#
#... ####### ..## .#


You could see 2 killer bees.

Vanquished Creatures
  Pikel (D:5)
  A water moccasin (D:6)
  A slave (D:5)
  Blork the orc (D:6)
  4 bullfrogs
  A wyvern zombie (D:7)
  2 scorpions
  3 killer bees (D:7)
  A bullfrog zombie (D:6)
  A crimson imp (D:5)
  3 hounds
  Crazy Yiuf (D:5)
  3 orc priests (D:3)
  7 orc wizards
  4 iguanas
  Natasha (thrice) (D:3)
  2 worker ants (D:4)
  2 howler monkey zombies
  10 adders
  4 gnolls (D:6)
  A river rat (D:5)
  A shadow imp (D:5)
  An ooze (D:1)
  An adder zombie (D:6)
  2 adder skeletons (D:6)
  A worm (D:3)
  5 dart slugs
  3 leopard geckos
  12 orcs
  6 ball pythons
  7 bats
  7 giant cockroaches
  8 goblins
  5 hobgoblins
  20 jackals
  A quokka (D:2)
  4 frilled lizards
  16 kobolds
  4 rats
  A plant (Sewer)
161 creatures vanquished.

Vanquished Creatures (collateral kills)
  Menkaure (D:6)
  2 adder skeletons (D:4)
  A frilled lizard (D:1)
  A rat (D:5)
5 creatures vanquished.

Grand Total: 166 creatures vanquished

Notes
Turn   | Place    | Note
-------+----------+-------------------------------------------
     0 | D:1      | Mgcat the Hill Orc Necromancer began the quest for the Orb.
     0 | D:1      | Reached XP level 1. HP: 14/14 MP: 3/3
   160 | D:1      | Reached XP level 2. HP: 14/20 MP: 0/4
   163 | D:1      | Learned a level 1 spell: Animate Skeleton
   659 | D:1      | Reached XP level 3. HP: 23/26 MP: 1/5
   664 | D:1      | Learned a level 3 spell: Vampiric Draining
  1295 | D:2      | Reached skill level 5 in Necromancy
  1425 | D:2      | Reached skill level 1 in Fighting
  1430 | D:2      | HP: 6/28 [adder (3)]
  1845 | D:2      | Reached XP level 4. HP: 34/35 MP: 0/6
  1964 | D:2      | Reached skill level 2 in Spellcasting
  3111 | D:3      | Reached skill level 2 in Fighting
  3117 | D:3      | Reached XP level 5. HP: 27/41 MP: 3/8
  3326 | D:3      | Noticed Natasha
  3331 | D:3      | Killed Natasha
  3346 | D:3      | HP: 9/42 [worm (10)]
  3504 | D:3      | Noticed Natasha
  3513 | D:3      | Killed Natasha
  3547 | D:3      | Noticed Natasha
  3554 | D:3      | HP: 3/42 [Natasha/magic dart (10)]
  3556 | D:3      | Killed Natasha
  3793 | D:3      | Found a blossoming altar of Fedhas.
  3852 | D:3      | Reached skill level 3 in Fighting
  3852 | D:3      | Reached XP level 6. HP: 48/51 MP: 4/10
  4081 | D:3      | Reached skill level 3 in Spellcasting
  4087 | D:3      | HP: 16/76 [orc priest/divine providence (12)]
  4092 | D:3      | Reached skill level 6 in Necromancy
  4639 | D:3      | Reached skill level 4 in Fighting
  4748 | D:4      | Reached XP level 7. HP: 56/59 MP: 6/11
  4849 | D:4      | Found Adeis's Gadget Boutique.
  5548 | D:4      | Found a sacrificial altar of Ru.
  5759 | D:4      | Learned a level 4 spell: Animate Dead
  5787 | D:5      | Entered Level 5 of the Dungeon
  5828 | D:5      | Reached skill level 5 in Fighting
  5959 | D:5      | Found a glowing drain.
  5966 | Sewer    | Entered a sewer
  6225 | Sewer    | Reached skill level 1 in Maces & Flails
  6676 | D:5      | Noticed Pikel
  6703 | D:5      | HP: 12/61 [Pikel/+1 whip of electrocution (19)]
  6704 | D:5      | HP: 1/61 [Pikel/+1 whip of electrocution (8)]
  6707 | D:5      | Killed Pikel
  6707 | D:5      | Reached skill level 3 in Maces & Flails
  6707 | D:5      | Reached skill level 4 in Spellcasting
  6707 | D:5      | Reached skill level 7 in Necromancy
  6707 | D:5      | Reached XP level 8. HP: 14/68 MP: 0/14
  6968 | D:5      | Got a twisted leather armour
  6979 | D:5      | Identified the +2 leather armour of Divine Compulsion
                  | {Dex+7} (You found it on level 5 of the Dungeon)
  7093 | D:5      | Found a runed door.
  7496 | D:5      | Noticed Crazy Yiuf
  7502 | D:5      | Killed Crazy Yiuf
  7703 | D:6      | Noticed Blork the orc
  7711 | D:6      | Killed Blork the orc
  7802 | D:6      | Noticed Menkaure
  7810 | D:6      | Killed Menkaure
  7810 | D:6      | Reached skill level 4 in Maces & Flails
  7920 | D:6      | Reached skill level 5 in Spellcasting
  7920 | D:6      | Reached skill level 8 in Necromancy
  7920 | D:6      | Reached XP level 9. HP: 55/74 MP: 13/16
  8277 | D:6      | Reached skill level 5 in Maces & Flails
  9197 | D:7      | Gained mutation: You are resistant to hostile enchantments.
                  | (MR+) [potion of mutation]
  9197 | D:7      | Gained mutation: You have sharp toenails. [potion of
                  | mutation]
  9197 | D:7      | Gained mutation: You have a somewhat thin skeletal
                  | structure. (Dex +2, Stealth) [potion of mutation]
  9197 | D:7      | HP: 18/74 [wyvern zombie (7)]
  9201 | D:7      | Reached skill level 1 in Armour
  9203 | D:7      | HP: 15/74 [poisoned by a killer bee]
  9209 | D:7      | Reached skill level 2 in Dodging
  9212 | D:7      | HP: 18/74 [killer bee (3)]
  9216 | D:7      | HP: 7/74 [poisoned by a killer bee]
  9220 | D:6      | HP: 3/74 [poisoned by a killer bee]
  9221 | D:6      | Lost mutation: You are resistant to hostile enchantments.
                  | (MR+) [potion of mutation]
  9221 | D:6      | Lost mutation: You have sharp toenails. [potion of
                  | mutation]
  9221 | D:6      | Gained mutation: You are partially covered in molten
                  | scales. (AC +2) [potion of mutation]
  9221 | D:6      | Gained mutation: You expend magic power (3 MP) to
                  | strengthen your wands. [potion of mutation]
  9222 | D:6      | HP: 1/74 [poisoned by a killer bee]
  9223 | D:7      | Succumbed to a killer bee's poison

Vault maps used:
D:1:      noname_arrival_rooms_in_the_neighbourhood, roderic_lattice_a
D:3:      lemuel_crystal_altar, first_ration, uniq_natasha
D:4:      serial_shops, shop, nicolae_ru_the_path_less_chosen
D:5:      portal_sewer_entry_e, uniq_crazy_yiuf_cottage, uniq_pikel
D:6:      uniq_blork_the_orc, uniq_menkaure
D:7:      zin_angel, minmay_temple_entry_butterflies, the_bakery,
          kennysheep_potato
Sewer:    sewer_co_scattered_pipes

Skill      XL: |  1  2  3  4  5  6  7  8  9 |
---------------+----------------------------+-----
Necromancy     | 5 6 7 8 |  8.4
Fighting       | 1 2 3 4 5 |  5.0
Spellcasting   | 2 3 4 5 |  5.4
Maces & Flails | 3 4 5 |  5.3
Armour         | 1 |  1.3
Dodging        | 2 |  2.0
Stealth        | |  1.5

Action                   |  1- 3 |  4- 6 |  7- 9 || total
-------------------------+-------+-------+-------++-------
Melee: Dagger            |    17 |    42 |       ||    59
       Whip              |       |    35 |   236 ||   271
       Kick              |       |       |     3 ||     3
 Cast: Pain              |    60 |   112 |   132 ||   304
       Animate Skeleton  |     7 |     3 |     4 ||    14
       Vampiric Draining |     1 |       |       ||     1
       Animate Dead      |       |       |     2 ||     2
  Use: Potion            |     1 |     2 |     8 ||    11
       Scroll            |       |       |    14 ||    14
  Eat: Chunk             |     4 |    10 |     9 ||    23
       Ration            |       |       |     2 ||     2
Armor: Leather armour    |     9 |    16 |    74 ||    99
       Skin              |       |     3 |       ||     3
Dodge: Dodged            |    15 |    44 |   158 ||   217

Table legend:
 A = Non-vault XP
 B = Vault XP
 C = Vault XP percentage of total XP
 D = Non-vault monster count
 E = Vault monster count
 F = Vault count percentage of total count
                 A         B        C        D         E       F
            +---------+---------+-------+---------+---------+-------
      Total |    2229 |    1087 |  32.8 |     135 |      29 |  17.7
            +---------+---------+-------+---------+---------+-------
        D:1 |      49 |       0 |   0.0 |      24 |       0 |   0.0
        D:2 |      75 |       0 |   0.0 |      23 |       0 |   0.0
        D:3 |     438 |      35 |   7.4 |      31 |       1 |   3.1
        D:4 |     418 |       0 |   0.0 |      23 |       0 |   0.0
        D:5 |     123 |     750 |  85.9 |       4 |      10 |  71.4
        D:6 |     859 |     252 |  22.7 |      26 |       2 |   7.1
        D:7 |     267 |       0 |   0.0 |       4 |       0 |   0.0
      Sewer |       0 |      50 | 100.0 |       0 |      16 | 100.0
            +---------+---------+-------+---------+---------+-------

Vault maps used:
D:1:      noname_arrival_rooms_in_the_neighbourhood, roderic_lattice_a
D:3:      lemuel_crystal_altar, first_ration, uniq_natasha
D:4:      serial_shops, shop, nicolae_ru_the_path_less_chosen
D:5:      portal_sewer_entry_e, uniq_crazy_yiuf_cottage, uniq_pikel
D:6:      uniq_blork_the_orc, uniq_menkaure
D:7:      zin_angel, minmay_temple_entry_butterflies, the_bakery,
          kennysheep_potato
Sewer:    sewer_co_scattered_pipes

Table legend:
 A = Turns spent in this place as a percentage of turns spent in the entire game.
 B = Non-inter-level travel turns spent in this place as a percentage of non-inter-level travel turns spent in the entire game.
 C = Inter-level travel turns spent in this place as a percentage of turns spent in this place.
 D = Turns resting spent in this place as a percentage of non-inter-level travel turns spent in this place.
 E = Turns spent auto-exploring this place as a percentage of non-inter-level travel turns spent in this place.
 F = Non-inter-level travel turns spent in this place divided by the number of levels of this place that you've seen.
                   A       B       C       D       E      F
               +-------+-------+-------+-------+-------+----------------------
         Total | 100.0 | 100.0 |   3.4 |  14.9 |  70.2 | 1113.8
       Dungeon |  94.0 |  93.8 |   3.6 |  15.9 |  69.7 | 1194.3
         Sewer |   6.0 |   6.2 |   0.0 |   0.0 |  76.9 | 550.0
               +-------+-------+-------+-------+-------+----------------------

Table legend:
 A = Kills in this place as a percentage of kills in entire the game.
 B = Kills by you in this place as a percentage of kills by you in the entire game.
 C = Kills by friends in this place as a percentage of kills by friends in the entire game.
 D = Other kills in this place as a percentage of other kills in the entire game.
 E = Experience gained in this place as a percentage of experience gained in the entire game.
 F = Experience gained in this place divided by the number of levels of this place that you have seen.
                   A       B       C       D       E      F
               +-------+-------+-------+-------+-------+----------------------
         Total | 100.0 | 100.0 | 100.0 |   N/A | 100.0 | 414.5
       Dungeon |  90.2 |  89.9 | 100.0 |   N/A |  98.5 | 466.6
         Sewer |   9.8 |  10.1 |   0.0 |   N/A |   1.5 |  50.0
               +-------+-------+-------+-------+-------+----------------------
